Map: Dusk Towers

Players

LilDicky - Winner!

  • Race: Protoss Protoss
  • League: Diamond

Adrrich

  • Race: Terran Terran
  • League: Diamond

VOD

http://www.twitch.tv/tumescentpie

Description

Time

  • Played on: Jan. 4, 2016, 2:20 a.m.
  • Length: 30:12
Show
View Real Time Build Order
Export as new Build Order

LilDicky Protoss - Winner!

Build Orders:  

Get SALT Encoding   

  12  0:01  Probe (Chrono Boost)  
  13  0:12  Probe (Chrono Boost)  
  14  0:21  Pylon  
  14  0:22  Probe (Chrono Boost)  
  15  0:39  Probe (Chrono Boost)  
  15  0:40  Gateway  
  16  0:45  Assimilator  
  16  0:51  Probe (Chrono Boost)  
  17  1:02  Probe (Chrono Boost)  
  18  1:10  Pylon  
  18  1:12  Probe (Chrono Boost)  
  19  1:23  Probe (Chrono Boost)  
  20  1:30  Cybernetics Core  
  20  1:33  Probe (Chrono Boost)  
  20  1:36  Assimilator  
  21  1:43  Pylon  
  21  1:48  Probe (Chrono Boost)  
  22  1:58  Probe (Chrono Boost)  
  23  2:08  Stargate  
  23  2:13  Warp Gate (Chrono Boost)  
  23  2:23  Gateway  
  23  2:25  Gateway  
  23  2:33  Mothership Core  
  22  2:43  Stalker  
  22  2:54  Probe  
  22  3:06  Probe  
  23  3:14  Void Ray  
  27  3:23  Probe  
  28  3:37  Probe  
  29  3:49  Probe  
  30  3:57  Void Ray (Chrono Boost)  
  30  4:01  Pylon  
  34  4:13  Adept x2  
  38  4:21  Adept  
  40  4:39  Pylon  
  34  5:08  Adept  
  34  5:09  Adept x2  
  40  5:18  Pylon  
  33  5:30  Void Ray (Chrono Boost)  
  35  5:36  Adept  
  35  5:37  Adept x2  
  35  6:06  Adept  
  37  6:13  Nexus  
  29  6:45  Adept x3  
  33  6:55  Void Ray (Chrono Boost)  
  38  7:04  Mothership Core  
  39  7:25  Probe  
  38  7:32  Adept x3  
  38  7:35  Void Ray (Chrono Boost)  
  43  7:48  Pylon x2  
  41  7:58  Pylon  
  25  8:46  Adept  
  27  8:49  Probe  
  27  8:50  Probe  
  27  8:54  Pylon  
  27  9:20  Twilight Council  
  27  9:23  Probe, Pylon  
  28  9:38  Probe x2 (Chrono Boost)  
  30  9:49  Probe (Chrono Boost)  
  31  9:55  Probe (Chrono Boost)  
  31  9:56  Robotics Facility  
  31  9:59  Probe (Chrono Boost)  
  33  10:06  Adept  
  35  10:13  Adept  
  37  10:17  Probe (Chrono Boost)  
  37  10:20  Probe (Chrono Boost)  
  39  10:32  Adept  
  39  10:34  Adept  
  43  10:44  Adept  
  45  10:52  Probe (Chrono Boost)  
  45  10:53  Probe (Chrono Boost)  
  47  11:01  Immortal (Chrono Boost)  
  51  11:09  Pylon  
  51  11:10  Probe (Chrono Boost)  
  52  11:11  Probe (Chrono Boost)  
  53  11:21  Probe  
  54  11:28  Adept  
  54  11:31  Probe  
  56  11:33  Gateway  
  56  11:38  Observer  
  58  11:48  Stalker  
  57  12:38  Pylon  
  57  12:40  Pylon  
  57  12:45  Gateway  
  57  12:48  Gateway  
  57  12:50  Pylon  
  57  12:54  Probe  
  57  12:55  Warp Prism  
  57  12:56  Probe  
  61  13:05  Probe  
  61  13:08  Probe  
  61  13:09  Adept x2  
  67  13:15  Probe  
  66  13:57  Pylon  
  66  14:04  Pylon  
  66  14:05  Pylon  
  66  14:12  Forge  
  66  14:14  Pylon  
  66  14:16  Pylon, Assimilator  
  66  14:18  Assimilator  
  66  14:21  Probe  
  66  14:22  Probe, Nexus  
  66  14:23  Gateway  
  68  14:24  Pylon  
  68  14:27  Pylon x2  
  68  14:29  Pylon  
  68  14:31  Assimilator  
  68  14:34  Probe, Adept  
  68  14:35  Adept x3  
  53  15:28  Mothership Core  
  48  16:00  Adept x2  
  48  16:01  Adept x2  
  56  16:08  Gateway  
  56  16:09  Gateway  
  56  16:10  Gateway  
  52  16:11  Gateway  
  52  16:15  Pylon  
  52  16:16  Pylon  
  52  16:18  Pylon  
  48  16:19  Adept  
  48  16:22  Protoss Ground Weapons Level 1 (Chrono Boost)  
  46  16:29  Probe, Twilight Council  
  46  16:31  Pylon  
  47  16:33  Adept, Pylon  
  47  16:34  Adept x2  
  53  16:41  Probe  
  53  16:42  Probe  
  55  16:47  Adept  
  55  16:52  Photon Cannon  
  57  16:54  Photon Cannon  
  57  16:55  Probe  
  57  16:56  Photon Cannon  
  57  16:59  Pylon  
  57  17:00  Photon Cannon  
  58  17:02  Probe  
  58  17:04  Photon Cannon  
  58  17:07  Probe, Photon Cannon  
  60  17:10  Photon Cannon  
  60  17:12  Probe  
  60  17:14  Adept x2  
  65  17:22  Probe  
  66  17:29  Warp Prism  
  68  17:37  Photon Cannon  
  68  17:40  Resonating Glaives  
  68  17:47  Dark Shrine  
  68  18:08  Adept x4  
  68  18:09  Adept  
  78  18:16  Pylon  
  78  18:20  Templar Archives  
  78  18:35  Pylon  
  78  18:44  Adept x3  
  78  18:45  Adept x3  
  78  18:48  Pylon  
  90  19:03  Pylon  
  90  19:06  Adept  
  90  19:08  Psionic Storm  
  92  19:12  Adept x3  
  92  19:15  Dark Templar  
  100  19:20  Pylon  
  100  19:35  Photon Cannon  
  100  19:43  Dark Templar  
  100  19:44  Dark Templar x2  
  106  19:45  Pylon  
  106  19:59  Archon x2  
  106  20:15  Dark Templar x2  
  106  20:19  Zealot x4  
  118  20:25  Archon  
  118  20:52  Nexus  
  118  20:54  Pylon  
  112  21:04  Adept x5  
  112  21:08  Adept  
  122  21:17  Pylon  
  122  21:21  Assimilator  
  122  21:30  Adept x5  
  132  21:37  High Templar  
  107  22:11  Dark Templar x3  
  107  22:12  Dark Templar x2  
  83  22:50  Zealot  
  83  22:51  Zealot x4  
  89  22:54  Adept  
  89  22:55  Adept  
  77  23:24  Dark Templar x5  
  73  23:50  Dark Templar  
  73  23:51  Dark Templar  
  73  23:54  Zealot x3  
  77  24:02  Photon Cannon  
  77  24:05  Photon Cannon  
  77  24:11  Pylon  
  77  24:15  Assimilator  
  77  24:20  Assimilator  
  77  24:21  Photon Cannon  
  77  24:26  Gateway  
  77  24:27  Gateway  
  77  24:29  Gateway  
  79  24:31  Mothership Core  
  79  24:32  Gateway  
  79  24:33  Dark Templar x2  
  79  24:35  Adept  
  79  24:36  Pylon  
  85  24:39  Pylon  
  77  25:23  Dark Templar x4  
  77  25:27  Zealot x3  
  91  25:48  Zealot  
  93  26:16  Zealot x2  
  93  26:17  Zealot x6  
  93  26:18  Zealot x3  
  115  26:47  Nexus  
  115  26:48  Zealot x3  
  115  26:49  Pylon, Zealot x4  
  115  26:50  Pylon  
  115  26:52  Archon, Assimilator  
  115  26:53  Archon, Assimilator  
  129  26:56  High Templar x4  
  137  27:33  Dark Templar x4  
  137  27:34  Dark Templar x2  
  149  27:41  High Templar  
  150  27:46  High Templar  
  144  27:52  Dark Templar x2  
  146  28:18  Nexus  
  146  28:20  Photon Cannon  
  146  28:22  Photon Cannon  
  146  28:31  Zealot x3  
  74  29:13  Pylon  
  68  29:22  Dark Templar x2  
  68  29:23  Dark Templar x4  
  68  29:34  Dark Templar x3  
  68  29:35  Dark Templar  
  73  29:49  Dark Templar  
  75  29:53  Dark Templar  
Show
View Real Time Build Order
Export as new Build Order

Adrrich Terran 

Build Orders: Reaper Expand 

Get SALT Encoding   

  12  0:11  Supply Depot  
  12  0:14  SCV  
  13  0:26  SCV  
  14  0:34  Barracks  
  14  0:38  Refinery  
  14  0:43  SCV  
  15  0:55  SCV  
  16  1:07  SCV  
  17  1:21  Reaper  
  17  1:22  Supply Depot  
  17  1:23  Orbital Command  
  18  1:53  Command Center  
  18  1:54  Barracks Reactor  
  18  1:58  SCV  
  19  2:10  SCV  
  20  2:16  Factory  
  20  2:29  SCV  
  21  2:47  SCV  
  22  3:08  Marine  
  22  3:11  SCV, Engineering Bay  
  24  3:14  Refinery  
  24  3:17  Orbital Command  
  24  3:20  Widow Mine x2  
  24  3:22  Barracks  
  24  3:23  Barracks  
  24  3:25  Barracks  
  28  3:27  SCV  
  28  3:28  Marine  
  29  3:45  SCV, Missile Turret x2  
  30  3:49  Widow Mine  
  32  3:57  SCV  
  33  4:05  Barracks Tech Lab  
  33  4:06  Starport  
  33  4:10  SCV x2  
  33  4:16  Barracks Reactor  
  35  4:17  Barracks Tech Lab  
  35  4:20  Widow Mine  
  35  4:22  SCV  
  38  4:24  SCV  
  38  4:26  Stimpack, Marine  
  40  4:34  SCV  
  40  4:36  SCV  
  42  4:39  Missile Turret  
  42  4:42  Missile Turret  
  42  4:46  SCV  
  42  4:47  Widow Mine  
  42  5:13  Supply Depot  
  42  5:15  Supply Depot  
  42  5:16  Supply Depot  
  42  5:34  Marine  
  38  5:36  Medivac, Marine x4  
  35  5:52  Marine  
  35  5:54  Marine x2  
  35  5:55  Marauder  
  39  6:04  SCV x2  
  31  6:13  Marine x3  
  31  6:14  Marauder  
  31  6:16  Marine  
  35  6:22  Medivac  
  37  6:29  SCV x2  
  36  6:39  Supply Depot  
  33  6:41  SCV x2  
  35  6:49  Marine  
  35  6:50  Marauder, Marine x2  
  35  6:53  SCV x2  
  42  7:05  SCV x2  
  44  7:14  Supply Depot  
  44  7:15  Marine  
  45  7:17  SCV  
  44  7:22  Marine  
  44  7:30  Marine  
  44  7:32  SCV  
  37  7:47  Marine  
  37  7:48  Marine  
  33  8:02  Marine x3  
  23  8:40  SCV  
  18  8:58  Marine  
  18  8:59  Marine x2  
  18  9:02  SCV  
  21  9:12  Medivac  
  21  9:15  SCV  
  24  9:24  Marine  
  24  9:25  Marine x2  
  27  9:32  SCV x2  
  29  9:44  SCV  
  30  9:49  SCV  
  31  9:56  SCV, Marine x2  
  34  10:04  SCV  
  35  10:09  Marine x2  
  37  10:16  Marine x2  
  39  10:35  Marine x3  
  39  10:36  SCV x2  
  39  10:38  Marine  
  45  10:48  Marine  
  46  10:53  Marine  
  47  11:18  SCV x2  
  49  11:30  SCV x2  
  51  11:37  Medivac  
  51  11:38  Marine x4  
  51  11:39  Marauder  
  59  11:42  SCV x2  
  61  11:55  Marine  
  61  11:56  Marauder, Marine  
  59  12:28  SCV x2  
  61  12:34  Marine x2  
  61  12:35  Marauder, Medivac  
  67  12:40  SCV  
  67  12:41  SCV  
  69  12:50  Refinery  
  69  12:52  Marine  
  69  12:57  Supply Depot  
  70  12:58  Supply Depot  
  70  13:18  SCV x2, Marine x3  
  70  13:19  Marauder  
  68  13:30  SCV x2, Marine  
  65  13:36  Marine x3  
  65  13:40  Marine  
  59  13:50  Marine  
  59  13:52  SCV x2  
  59  13:54  Marauder, Marine x2  
  58  13:57  Marine, Missile Turret, Starport Reactor  
  59  14:04  SCV x2  
  59  14:08  Marine  
  62  14:12  Marine x2  
  62  14:15  Marine  
  62  14:16  Marauder  
  67  14:23  Refinery  
  67  14:25  SCV  
  67  14:26  Marine  
  67  14:29  Marine x2  
  67  14:30  Missile Turret  
  71  14:34  Marauder  
  71  14:37  Marine  
  74  14:38  Barracks  
  74  14:41  SCV x2  
  74  14:44  Marine  
  77  14:46  Combat Shields  
  77  14:47  Marine x2  
  77  14:55  Marauder x2  
  69  15:25  Marine x3  
  60  15:30  Marine x2  
  45  15:43  Marine x2  
  45  15:44  Marine  
  45  15:46  Missile Turret  
  45  15:48  Marine x2  
  49  15:50  Terran Infantry Weapons Level 1  
  49  15:51  Supply Depot  
  49  15:53  Missile Turret  
  47  16:01  Marine  
  47  16:03  Marine x2, Medivac x2  
  53  16:05  Marine  
  53  16:06  Marauder  
  53  16:18  Marine  
  53  16:21  Marine x2  
  56  16:32  Supply Depot  
  56  16:33  Barracks, Medivac x2  
  60  16:44  Marine x3  
  60  16:45  Marine x2  
  65  16:53  Missile Turret  
  65  17:12  Command Center  
  65  17:16  Marine  
  66  17:31  Engineering Bay  
  66  17:34  Bunker, Marine x2  
  66  17:36  Marine  
  69  17:41  Barracks Reactor  
  69  17:45  Marine  
  69  17:51  Marine  
  71  17:52  Marine  
  72  18:05  Marine x2  
  72  18:06  Marine  
  72  18:09  Marine  
  76  18:20  Concussive Shells  
  76  18:25  Planetary Fortress  
  76  18:33  Marine  
  77  18:37  Refinery  
  77  18:46  Marine x2  
  77  18:47  Marine x4  
  83  18:51  Marine  
  72  19:05  SCV  
  72  19:06  SCV  
  72  19:09  Barracks Tech Lab  
  74  19:11  Terran Infantry Armor Level 1  
  74  19:12  Medivac x2  
  78  19:18  SCV  
  78  19:19  Engineering Bay  
  78  19:24  Factory  
  79  19:26  SCV, Marine x2  
  79  19:27  Marauder, Marine  
  79  19:30  SCV  
  86  19:34  Refinery, Bunker  
  86  19:38  SCV  
  87  19:42  SCV  
  88  19:53  Barracks  
  88  19:57  Medivac x2  
  88  19:59  Missile Turret  
  92  20:00  SCV x2  
  92  20:01  SCV  
  92  20:02  Missile Turret  
  95  20:09  Missile Turret  
  95  20:12  SCV  
  96  20:19  Armory  
  96  20:26  Marine x4  
  96  20:27  Marine  
  101  20:31  Sensor Tower  
  101  20:34  Factory Reactor  
  101  20:42  Supply Depot  
  101  20:54  Missile Turret  
  101  21:03  Medivac, Marine x4  
  101  21:04  Marauder  
  109  21:05  Barracks Tech Lab  
  109  21:09  Supply Depot  
  109  21:19  Supply Depot  
  109  21:30  Marine x4, Widow Mine  
  115  21:35  Bunker  
  110  22:03  Widow Mine x2  
  110  22:04  Marine x2  
  88  22:29  Marine x3  
  84  22:30  Marine x4  
  84  22:32  Widow Mine  
  86  22:46  Widow Mine  
  84  22:56  Marine x4  
  81  23:05  Marine  
  76  23:15  Marine  
  76  23:34  Marine, Orbital Command, Terran Infantry Weapons Level 2, Terran Infantry Armor Level 2  
  74  23:40  Marine x2  
  65  24:02  Missile Turret  
  65  24:06  Marine x5  
  65  24:07  Marine  
  71  24:24  Bunker, Marine x4  
  71  24:25  Marauder  
  71  24:28  Marine  
  78  24:42  Marine x4  
  82  24:45  Marine  
  82  24:46  Marine  
  84  24:59  Marine x2  
  84  25:00  Bunker, Marine x2  
  84  25:03  Marine  
  84  25:04  Marauder  
  84  25:05  Supply Depot  
  90  25:23  Marine x2  
  90  25:24  Marine  
  93  25:44  Bunker  
  93  25:53  Missile Turret  
  93  25:54  Widow Mine x2  
  93  25:55  Marine x3  
  93  25:56  Marine  
  101  26:51  Missile Turret  
  101  27:09  Marine  
  101  27:11  Marine  
  101  27:12  Marine x2  
  101  27:14  Supply Depot  
  101  27:17  Supply Depot  
  101  27:32  Marine  
  101  27:34  Marine  
  101  27:36  Viking, Marine x4  
  95  27:50  Marine  
  94  27:52  Marine  
  94  27:53  Marine x4  
  76  29:07  Marine x3  
Tags
 
Add a new tag
Caveats
  • Supply blocks, unpowered buildings, or Contaminate may cause inaccurate times.
  • Supply counts are checked every 10 seconds.